 Dungeon Crawl Stone Soup version 0.31-a0-1424-g2add1c7226 (webtiles) character file.

Game seed: 15433062973088645329

4 senseless the Firebug (level 1, 0/11 HPs)
             Began as an Octopode Fire Elementalist on Dec 26, 2023.
             Slain by an endoplasm (2 damage)
             ... on level 1 of the Dungeon.
             The game lasted 00:00:51 (40 turns).

senseless the Firebug (Octopode Fire Elementalist)    Turns: 40, Time: 00:00:51

Health: 0/11       AC:  1    Str:  7    XL:     1   Next: 70%
Magic:  1/3        EV: 13    Int: 17    God:
Gold:   0          SH:  0    Dex: 12    Spells: 3/4 levels left

rFire   . . .        (no weapon)
rCold   . . .        (no shield)
rNeg    . . .        (helmet restricted)
rPois   .            (no amulet)
rElec   .            (no ring)
rCorr   .            (no ring)
SInv    .            (no ring)
Will    .....        (no ring)
Stlth   +++          (no ring)
HPRegen 0.21/turn    (no ring)
MPRegen 0.08/turn    (no ring)
                     (no ring)

%: no passive effects
@: no status effects
A: almost no armour, amphibious, 8 rings, camouflage 1, gelatinous body 1,
(nimble swimmer 1), tentacles
a: no special abilities


You were on level 1 of the Dungeon.
You visited 1 branch of the dungeon, and saw 1 of its levels.

Inventory:

Potions
 a - a potion of magic


   Skills:
 + Level 2.1 Dodging
 + Level 2.8 Stealth
 + Level 2.0 Spellcasting
 + Level 1.1 Conjurations
 + Level 3.0 Fire Magic


You had 3 spell levels left.
You knew the following spells:

 Your Spells              Type           Power      Damage    Failure   Level
a - Foxfire               Conj/Fire      32%        2x1d5     9%          1

Your spell library contained the following spells:

 Spells                   Type           Power      Damage    Failure   Level
 Scorch                   Fire           24%        2d6       9%          2
 Inner Flame              Hex/Fire       6%         N/A       30%         3
 Volatile Blastmotes      Fire/Tloc      12%        2d11      30%         3
 Flame Wave               Conj/Fire      8%         2d5       63%         4


Dungeon Overview and Level Annotations

Branches:
Dungeon (1/15)

Altars:


Innate Abilities, Weirdness & Mutations

You cannot wear most types of armour.
You are amphibious.
You can wear up to eight rings at the same time.
Your skin changes colour to match your surroundings (Stealth+).
Your rubbery body absorbs attacks. (AC +1, EV +1)
((You are camouflaged when in or above water. (Stealth+)))
You have tentacles for arms and can constrict up to eight enemies at once.


Message History

Your foxfire dissipates!
You are out of magic!
You tentacle-slap the hobgoblin. Your grab misses the hobgoblin.
You squeeze the hobgoblin.
You kill the hobgoblin!
A frilled lizard comes into view.
You miscast Foxfire.
You are very lightly contaminated with residual magic.
Nothing appears to happen.
The frilled lizard hisses angrily.
A kobold comes into view. It is wielding a +0 hand axe.
You barely miss the frilled lizard. Your grab misses the frilled lizard.
The frilled lizard misses you.
You miss the frilled lizard. Your grab misses the frilled lizard.
Your squeeze misses the frilled lizard. The frilled lizard bites you.
You tentacle-slap the frilled lizard but do no damage.
Your grab misses the frilled lizard. The frilled lizard closely misses you.
You barely miss the frilled lizard. Your grab misses the frilled lizard.
The frilled lizard closely misses you.
You tentacle-slap the frilled lizard.
You kill the frilled lizard!
Your magical contamination has completely faded away.
You tentacle-slap the kobold but do no damage.
Your grab misses the kobold.
An endoplasm comes into view.
The kobold hits you with a +0 hand axe.
You closely miss the kobold.
The endoplasm quivers.
You grab the kobold. You squeeze the kobold.
You kill the kobold!
You tentacle-slap the endoplasm but do no damage.
You squeeze the endoplasm.
The endoplasm is lightly wounded.
The endoplasm freezes you.
You are frozen.
* * * LOW HITPOINT WARNING * * *
You tentacle-slap the endoplasm.
The endoplasm is moderately wounded.
The endoplasm hits you.
You die...

#..## ###
####..##..#
#..'...#..#
#<.##..#..#
#..##..'..#
#####..##+#
##..'.#
#..###
+..@# ##.J#
#.#† #.§.#
###.# †# .#
.#


You could see an endoplasm.

Vanquished Creatures
  2 hobgoblins (D:1)
  A bat (D:1)
  A frilled lizard (D:1)
  A kobold (D:1)
5 creatures vanquished.

Vanquished Creatures (others)
  5 foxfires (D:1)
5 creatures vanquished.

Grand Total: 10 creatures vanquished

Notes
Turn   | Place    | Note
-------+----------+-------------------------------------------
     0 | D:1      | senseless the Octopode Fire Elementalist began the quest
                  | for the Orb.
     0 | D:1      | Reached XP level 1. HP: 11/11 MP: 3/3
    40 | D:1      | Slain by an endoplasm

Illustrated notes

Levels and vault maps discovered:
D:1:      dpeg_arrival_short_road, layout_basic, st_stairs_10

Action                     || total
---------------------------++-------
  Melee: Unarmed           ||    10
         Tentacles         ||     3
         Constrict         ||     1
   Cast: Foxfire           ||     3
 Armour: Skin              ||     3
  Dodge: Dodged            ||     3

Table legend: (Time is in decaauts)
 A = Elapsed time spent in this place.
 B = Non-inter-level travel time spent in this place.
 C = Inter-level travel time spent in this place.
 D = Time resting spent in this place.
 E = Time spent auto-exploring this place.
 F = Levels seen in this place.
 G = Mean time per level.
                   A        B        C        D        E       F      G
               +--------+--------+--------+--------+--------+-----+--------+
         Total |     40 |     40 |      0 |      0 |     18 |   1 |   40.0 |
       Dungeon |     40 |     40 |      0 |      0 |     18 |   1 |   40.0 |
               +--------+--------+--------+--------+--------+-----+--------+

Top non-repeatable levels by time:
     D:1: 40 daAuts
